 Dungeon Crawl Stone Soup version 0.28.0-53-g5a82cb258f (webtiles) character file.

Game seed: 3172872528268376865

294 Tirrikindir the Chopper (level 6, 0/52 HPs)
             Began as a Hill Orc Monk on Aug 19, 2022.
             Was a Believer of Makhleb.
             Succumbed to a scorpion's poison
             ... on level 5 of the Dungeon.
             The game lasted 00:06:56 (3148 turns).

Tirrikindir the Chopper (Hill Orc Monk)             Turns: 3148, Time: 00:06:57

Health: 0/52       AC: 14    Str: 16    XL:     6   Next: 33%
Magic:  8/8        EV: 10    Int: 13    God:    Makhleb [**....]
Gold:   42         SH:  0    Dex: 13    Spells: 5/5 levels left

rFire   . . .      SeeInvis .   a - +1 hand axe
rCold   . . .      Faith    .   (no shield)
rNeg    . . .      Spirit   .   f - +0 scale mail
rPois   .          Reflect  .   i - +1 hat {Int+3}
rElec   .          Harm     .   (no cloak)
rCorr   .          Rampage  .   e - +0 pair of gloves
Will    .....                   g - +0 pair of boots
Stlth   ..........              (no amulet)
HPRegen 0.17/turn               b - +4 ring of protection
MPRegen 0.11/turn               (no ring)

@: lethally poisoned (0 -> -9)
A: no striking features
a: Renounce Religion, Minor Destruction


You were on level 5 of the Dungeon.
You worshipped Makhleb.
Makhleb was pleased with you.
You visited 1 branch of the dungeon, and saw 4 of its levels.

You collected 42 gold pieces.

Inventory:

Hand Weapons
 a - a +1 hand axe (weapon)
Armour
 e - a +0 pair of gloves (worn)
 f - a +0 scale mail (worn)
 g - a +0 pair of boots (worn)
 i - a +1 hat of intelligence (worn)
Jewellery
 b - a +4 ring of protection (left hand)
Scrolls
 d - a scroll of enchant weapon
 k - a scroll of brand weapon
 l - a scroll of fear
Potions
 h - a potion of lignification


   Skills:
 - Level 4.0 Fighting
 * Level 6.9 Axes
 + Level 2.9 Armour
 - Level 3.0 Dodging
 - Level 1.5 Stealth
 + Level 2.6 Invocations


You had 5 spell levels left.
You didn't know any spells.
Your spell library contained the following spells:

 Spells                   Type           Power      Damage    Failure   Level
 Sublimation of Blood     Necr           0%         N/A       86%         2
 Wereblood                Tmut           0%         N/A       86%         2
 Blade Hands              Tmut           0%         N/A       100%        5
 Irradiate                Conj/Tmut      0%         3d14      100%        5
 Dragon Form              Tmut           0%         N/A       100%        7
 Summon Hydra             Summ           0%         N/A       100%        7


Dungeon Overview and Level Annotations

Branches:
Dungeon (3/15)

Altars:
Fedhas
Makhleb

Shops:
D:2 *


Message History

The puff of flame misses the scorpion.
A scorpion comes into view.
You barely miss the scorpion.
The scorpion stings you but does no damage.
You hit the scorpion.
The scorpion is lightly wounded.
The scorpion stings you but does no damage.
You barely miss the scorpion.
The scorpion is lightly wounded.
The scorpion stings you but does no damage.
You hit the scorpion but do no damage.
The scorpion is lightly wounded.
The scorpion stings you but does no damage.
You closely miss the scorpion. Your punch misses the scorpion.
The scorpion is lightly wounded.
The scorpion stings you.
* * * LOW HITPOINT WARNING * * *
The scorpion barely misses you.
You barely miss the scorpion.
The scorpion is lightly wounded.
The scorpion stings you!
* * * LOW HITPOINT WARNING * * *
The scorpion stings you but does no damage.
The scorpion stings you but does no damage.
A hound comes into view.
The hound barks!
You closely miss the hound. You barely miss the scorpion.
The scorpion stings you but does no damage.
The hound bites you but does no damage.
You hit the hound but do no damage. You hit the scorpion but do no damage.
The hound bites you but does no damage. The scorpion closely misses you.
You hit the hound.
The hound is lightly wounded.
You hit the scorpion but do no damage. The hound misses you.
The scorpion stings you.
* * * LOW HITPOINT WARNING * * *
You are lethally poisoned!
The scorpion poisons you! The hound bites you but does no damage.
You barely miss the scorpion. You closely miss the hound.
You die...

.......))..s...#
.......#######.#
.# .......# #.#
.# .>.....# #.#
.# #......# #.#
.# #......# #.#
.# #......# #s#
.# .......#
#.##h# ..######
#.s@.# ######


You could see a scorpion and a hound.

Vanquished Creatures
  A bullfrog zombie (D:3)
  A hound (D:5)
  A centaur skeleton (D:5)
  3 gnolls (D:5)
  An adder (D:2)
  A worm (D:2)
  3 dart slugs
  5 ball pythons
  9 bats
  4 endoplasms
  3 giant cockroaches
  7 goblins
  10 hobgoblins
  3 jackals (D:1)
  7 kobolds
  2 quokkas
  A frilled lizard (D:1)
  7 rats
69 creatures vanquished.

Vanquished Creatures (collateral kills)
  A necrophage (D:5)
1 creature vanquished.

Grand Total: 70 creatures vanquished

Notes
Turn   | Place    | Note
-------+----------+-------------------------------------------
     0 | D:1      | Tirrikindir the Hill Orc Monk began the quest for the Orb.
     0 | D:1      | Reached XP level 1. HP: 19/19 MP: 1/1
   299 | D:1      | Reached XP level 2. HP: 21/27 MP: 2/2
   781 | D:1      | Reached skill level 1 in Armour
   801 | D:1      | Reached XP level 3. HP: 19/33 MP: 3/3
  1615 | D:2      | Reached skill level 5 in Axes
  1761 | D:2      | Found a blossoming altar of Fedhas.
  1839 | D:2      | Found Cehel's General Store.
  1957 | D:2      | Reached XP level 4. HP: 37/40 MP: 4/4
  2498 | D:3      | Found a burning altar of Makhleb.
  2506 | D:3      | Became a worshipper of Makhleb the Destroyer
  2506 | D:3      | Reached * piety under Makhleb
  2506 | D:3      | Reached ** piety under Makhleb
  2645 | D:3      | Found a faded altar of an unknown god.
  2701 | D:3      | Reached skill level 1 in Invocations
  2701 | D:3      | Reached XP level 5. HP: 32/46 MP: 5/5
  2812 | D:3      | You fall into a shaft and drop 2 floors!
  2812 | D:5      | Entered Level 5 of the Dungeon
  2812 | D:5      | Noticed a necrophage
  2834 | D:5      | Reached skill level 6 in Axes
  2849 | D:5      | Killed a necrophage
  2850 | D:5      | Reached XP level 6. HP: 18/52 MP: 7/7
  3147 | D:5      | HP: 1/52 [scorpion (4)]
  3148 | D:5      | Succumbed to a scorpion's poison

Illustrated notes

Levels and vault maps discovered:
D:1:      erik_arrival_cave_to_civilisation [erik_arrival_cave_to_hall],
          layout_loops_ring, minmay_pentomino_o4
D:2:      layout_basic, basic_altar, serial_shops, nicolae_shop_hallway_plus
D:3:      layout_loops_ring, lightli_temple_of_fire, basic_ecumenical_altar
D:5:      layout_basic, minmay_temple_entry_wispy

Skill      XL: |  1  2  3  4  5 |
---------------+----------------+-----
Armour         | 1 2 |  2.9
Fighting       | 4 |  4.0
Axes           | 5 6 |  6.9
Dodging        | 3 |  3.0
Invocations    | 1 2 |  2.6
Stealth        | |  1.5

Action                   |  1- 3 |  4- 6 || total
-------------------------+-------+-------++-------
Melee: Hand axe          |   161 |   110 ||   271
       Punch             |     1 |     1 ||     2
Invok: Minor Destruction |       |     6 ||     6
  Use: Scroll            |     3 |     6 ||     9
 Stab: Sleeping          |     3 |       ||     3
Armor: Robe              |    22 |       ||    22
       Scale mail        |    39 |    59 ||    98
Dodge: Dodged            |   103 |    67 ||   170
